Cogmind - Beta 14 @@@ ROGUE MODE // 2025.01.12 @ 00:45:17 Player: Beef Result: Smashed by cave-in Performance ------------- Evolutions (7) 3500 Regions Visited (23) 4600 Robots Destroyed (345) 1725 Value Destroyed (13658) 13658 Prototype IDs (56) 1120 Alien Tech Used (1) 200 Bonus (8486) 8486 TOTAL SCORE: 33289 Bonus ------- Triggered High Security 500 High Alert Combat Kills 1954 Follower Combat Kills 2233 Met Zhirov 300 Met Warlord at Base 500 MAIN.C Attacked Warlord 500 Warlord Defense Kills 94 Built Enhanced Grunts 300 A7 Reached Mainframe 300 Met R17 at Cetus 500 Met R17 at Research 2000 Friendly Fire -695 Cogmind --------- Core Integrity 0/1300 Matter 245/300 Energy 100/100 System Corruption 21% Temperature Cool (5) Movement Flying (34) Location -3/Research Parts ------- > --- POWER (2) -------- (None) > --- PROPULSION (6) --- Combat Antigrav System Xenon Bombardment Thruster Xenon Bombardment Thruster Xenon Bombardment Thruster > --- UTILITY (10) ----- Experimental Core Analyzer Centrium Light Armor Plating Reflective Plating Reflective Plating > --- WEAPON (3) ------- Great Axe > --- INVENTORY (5) ---- Improved Gyrokinetic Inverter Long-range Sensor Array Transdimensional Reconstructor Advanced Micro-nuke Launcher Peak State ------------ > --- POWER ------------ Particle Reactor Improved Quantum Reactor > --- PROPULSION ------- Advanced Heavy Treads Myomer Leg Myomer Leg Enhanced Biometal Leg Centrium Leg > --- UTILITY ---------- Advanced Cooling System Large Storage Unit Experimental Optical Array Long-range Sensor Array Experimental Core Analyzer Centrium Light Armor Plating Centrium Heavy Armor Plating Improved Hacking Suite Improved System Shield > --- WEAPON ----------- Dispersion Rifle Nova Cannon Improved Matter Neutralizer > --- INVENTORY -------- Light Particle Reactor Light Particle Reactor Myomer Leg Myomer Leg Advanced Heat Sink Improved Armor Integrity Analyzer Centrium Light Armor Plating Centrium Light Armor Plating Improved Focal Shield Transdimensional Reconstructor Quantum Rifle Helical Railgun Compact Linear Accelerator Fusion Bomb Launcher Advanced Micro-nuke Launcher [Rating: 171] Favorites ----------- Power Particle Reactor Engine Heavy Ion Engine Power Core Fission Core Reactor Particle Reactor Propulsion Myomer Leg Treads Light Treads Leg Myomer Leg Wheel Compact Wheel Hover Unit Improved Airjet Flight Unit Xenon Bombardment Thruster Utility Large Storage Unit Device Structural Scanner Storage Large Storage Unit Processor Advanced Signal Interpreter Hackware Improved System Shield Protection Experimental Weapon Shielding Weapon Dispersion Rifle Energy Gun Dispersion Rifle Energy Cannon Neutron Cannon Ballistic Gun Advanced KE Penetrator Ballistic Cannon Compact Linear Accelerator Launcher Rocket Array Impact Weapon Impact Mace Slashing Weapon Phasing Sabre Piercing Weapon Lance Special Melee Weapon Advanced Datajack Build | -11 -10 -9 -9 -9 -7 -7 -7 -6 -6 -6 -6 -6 -5 -5 -5 -5 -4 -4 -4 -4 -4 -3 -3 ------- Run | Yrd Mat Mat Sto Rec Fac Low Low Fac Ext Cet Arc Hub Fac Upp Upp Zhi Pro Fac Upp Upp War Pro Res Slots Evolved 14 | . . 2 . . 4 . . 2 . . . . 2 . . . . 2 . . . . 2 Power 1 | . . . . . . . . . . . . . . . . . . . . . . . 1 Propulsion 4 | . . . . . 2 . . 2 . . . . . . . . . . . . . . . Utility 8 | . . 2 . . 2 . . . . . . . 1 . . . . 2 . . . . 1 Weapon 1 | . . . . . . . . . . . . . 1 . . . . . . . . . . Parts Attached 473 | 5 4 26 19 1 56 2 . 18 51 13 10 8 23 4 9 7 2 54 9 8 27 9 108 Power 38 | 1 . 3 5 . 3 . . . 3 1 . . 1 . . 1 . . . 3 2 . 15 Engine 12 | 1 . 3 5 . 2 . . . 1 . . . . . . . . . . . . . . Core 5 | . . . . . 1 . . . 2 . . . 1 . . . . . . 1 . . . Reactor 21 | . . . . . . . . . . 1 . . . . . 1 . . . 2 2 . 15 Propulsion 127 | 2 . 8 5 . 20 . . 4 22 4 . 5 7 . . 1 . 7 1 1 9 2 29 Treads 5 | 2 . . . . . . . . 1 1 . . . . . . . . . . . . 1 Leg 95 | . . 7 5 . 14 . . . 16 2 . 5 7 . . 1 . 7 1 1 9 2 18 Wheel 6 | . . 1 . . . . . . 4 1 . . . . . . . . . . . . . Hover 14 | . . . . . 6 . . 4 1 . . . . . . . . . . . . . 3 Flight 7 | . . . . . . . . . . . . . . . . . . . . . . . 7 Utility 163 | 1 3 4 3 1 14 . . 10 11 1 6 1 11 4 5 5 . 19 5 2 7 7 43 Device 75 | . 1 . . . 8 . . 5 2 . 1 1 7 3 3 2 . 12 4 1 3 6 16 Storage 13 | 1 2 . . . . . . 3 1 . . . . . . . . . . . 1 . 5 Processor 20 | . . 1 . . 5 . . 2 3 . . . 1 . . . . . 1 . . . 7 Hackware 14 | . . 1 . 1 . . . . 4 1 3 . . . . 2 . 1 . . . . 1 Protection 41 | . . 2 3 . 1 . . . 1 . 2 . 3 1 2 1 . 6 . 1 3 1 14 Artifact . | . . . . . . . . . . . . . . . . . . . . . . . . Weapon 145 | 1 1 11 6 . 19 2 . 4 15 7 4 2 4 . 4 . 2 28 3 2 9 . 21 Energy Gun 27 | . 1 3 . . 4 . . . . 1 . . 2 . . . . 3 1 1 6 . 5 Energy Cannon 29 | . . . . . . . . . . . . 1 2 . 2 . 1 15 . . 1 . 7 Ballistic Gun 20 | 1 . 5 4 . 4 . . . . 2 1 1 . . . . . . . . 1 . 1 Ballistic Cannon 3 | . . . . . . . . . . . . . . . . . . . . . 1 . 2 Launcher 38 | . . 3 1 . 6 2 . 1 4 2 . . . . 2 . 1 9 2 1 . . 4 Special Weapon . | . . . . . . . . . . . . . . . . . . . . . . . . Impact Weapon 3 | . . . 1 . 1 . . . 1 . . . . . . . . . . . . . . Slashing Weapon 18 | . . . . . 4 . . 2 9 1 1 . . . . . . . . . . . 1 Piercing Weapon 5 | . . . . . . . . 1 1 1 1 . . . . . . 1 . . . . . Special Melee Weapon 2 | . . . . . . . . . . . 1 . . . . . . . . . . . 1 Unidentified Prototypes 39 | . . 2 1 . 6 . . 1 . 3 . 1 . . . 4 . 3 . . 2 . 16 Corrupted Parts 4 | . . . . . . . . . . 1 . . . . . . . . . . 2 . 1 System Corruption 24 | . . . . . . . . . . 4 . . . . . . . . . . 17 . 3 Parts Lost 109 | . . 4 4 . 5 . . . 23 5 . . 3 2 . . 1 12 . 5 1 4 40 Power 10 | . . . 1 . 1 . . . 1 1 . . 1 . . . . . . 1 . . 4 Propulsion 37 | . . 3 . . . . . . 13 3 . . 1 2 . . 1 . . 1 . . 13 Utility 46 | . . 1 2 . 3 . . . 6 . . . 1 . . . . 8 . 3 1 4 17 Weapon 16 | . . . 1 . 1 . . . 3 1 . . . . . . . 4 . . . . 6 Highest Loss Streak 14 | . . 2 3 . 3 . . . 11 3 . . 2 1 . . 1 5 . 5 1 2 14 To Critical Strikes 1 | . . . . . . . . . . 1 . . . . . . . . . . . . . Average Slot Usage (%) 92 | . 79 96 97 100 93 93 92 99 95 92 92 92 97 90 88 90 89 92 88 80 97 87 85 Engine 2 | . 14 11 9 11 5 . . . 2 . . . . . . . . . . . . . . Core 1 | . . . . . 1 7 7 6 3 . . . 4 5 5 3 . . . . . . . Reactor 3 | . . . . . . . . . . 4 6 6 . . . 1 5 5 5 4 5 5 8 Treads 1 | . 28 3 . . . . . . 1 4 6 6 1 . . . . . . . . . 1 Leg 23 | . . 17 22 22 21 . . . 20 25 26 26 32 25 23 26 24 29 31 30 31 31 21 Wheel 1 | . . . . . . . . . 8 3 . . . . . . . . . . . . . Hover 2 | . . . . . 7 30 30 40 5 . . . . . . . . . . . . . . Device 9 | . 7 11 11 4 10 15 15 11 4 . 1 1 6 11 10 8 5 11 21 11 14 9 10 Storage 5 | . 14 11 11 11 7 7 7 6 4 6 6 6 5 5 5 5 5 5 5 5 5 5 3 Processor 6 | . . 2 9 . 14 15 15 14 10 13 6 3 3 5 5 5 5 2 3 5 5 . 6 Hackware 9 | . . 4 . 7 7 7 7 6 14 18 20 20 13 11 11 11 11 10 10 10 10 10 7 Protection 7 | . . 12 12 22 3 . . . 2 . 4 6 6 5 5 6 11 10 . 1 9 8 7 Energy Gun 4 | . . 2 . . 1 . . . . . . . 4 5 5 5 5 4 5 9 10 15 6 Energy Cannon 3 | . . . . . . . . . . . . . 5 11 10 11 10 9 5 . 3 . 4 Ballistic Gun 4 | . 14 18 19 22 4 . . . . 8 8 12 5 . . . . . . . . . . Slashing Weapon 1 | . . . . . 4 7 7 9 9 1 1 . . . . . . . . . . . . Peak Build Rating 171 | 5 6 18 18 19 49 48 45 65 60 85 93 99 106 99 91 102 102 132 114 119 137 133 171 Average Rating 85 | 4 5 14 16 18 34 45 45 57 52 75 88 94 94 92 89 95 96 123 110 96 120 125 142 On Entrance 68 | . 5 6 18 17 19 45 45 45 60 55 85 93 99 99 89 90 102 95 95 114 105 130 133 Naked Turns . | . . . . . . . . . . . . . . . . . . . . . . . . Heaviest Build 166 | 9 29 38 43 43 42 39 33 36 39 52 59 61 65 62 64 70 70 102 68 58 89 101 166 Greatest Support 164 | 40 40 40 23 20 68 34 34 48 100 75 75 80 124 119 89 119 119 158 154 154 164 164 160 Greatest Overweight (x) 4 | . . 2 2 2 4 1 . . 1 1 . . . . . . . . . . . 1 1 Average Overweight (x) . | . . . 1 2 . . . . . . . . . . . . . . . . . . . Largest Inventory Capacity 25 | 8 15 15 15 15 15 15 15 15 15 15 15 15 15 15 15 15 15 15 15 15 15 15 25 Average Capacity 14 | 7 13 15 15 15 15 15 15 10 9 15 15 15 15 15 15 15 15 15 15 15 15 15 14 Most Carried 16 | 3 5 13 15 14 15 15 15 14 10 14 15 15 15 15 15 15 15 15 15 15 15 15 16 Average Carried 12 | 1 3 6 13 14 13 14 15 10 8 11 13 14 14 15 15 14 15 14 14 14 14 14 13 Final Capacity 15 | 8 15 15 15 15 15 15 15 10 15 15 15 15 15 15 15 15 15 15 15 15 15 15 5 Final Carried 15 | 3 5 13 14 14 15 15 15 10 10 14 14 15 15 15 15 15 15 14 15 14 15 15 4 Class Distribution -------------------- 33% | Scavenger-Tank 18% | Scavenger-Mutant 10% | Hacker-Tank 9% | Mutant 7% | Commander-Mutant 5% | Scavenger-Scout 4% | Hacker-Mutant 3% | Hacker-Skirmisher 3% | Scavenger-Gladiator Dominant Class ---------------- Mutant | -10/Materials Mutant | -9/Materials Scavenger-Mutant | -9/Storage Scavenger-Mutant | -9/Recycling Scavenger-Mutant | -7/Factory Scavenger-Scout | -7/Lower Caves Scavenger-Scout | -7/Lower Caves Scavenger-Scout | -6/Factory Scavenger-Mutant | -6/Extension Commander-Mutant | -6/Cetus Commander-Mutant | -6/Archives Scavenger-Mutant | -6/Hub_04(d) Scavenger-Tank | -5/Factory Scavenger-Tank | -5/Upper Caves Scavenger-Tank | -5/Upper Caves Scavenger-Tank | -5/Zhirov Hacker-Skirmisher | -4/Proximity Caves Hacker-Tank | -4/Factory Hacker-Mutant | -4/Upper Caves Hacker-Mutant | -4/Upper Caves Hacker-Tank | -4/Warlord Scavenger-Tank | -3/Proximity Caves Scavenger-Tank | -3/Research Resources | -11 -10 -9 -9 -9 -7 -7 -7 -6 -6 -6 -6 -6 -5 -5 -5 -5 -4 -4 -4 -4 -4 -3 -3 ----------- Run | Yrd Mat Mat Sto Rec Fac Low Low Fac Ext Cet Arc Hub Fac Upp Upp Zhi Pro Fac Upp Upp War Pro Res Matter Collected 8783 | 250 52 820 614 60 1038 227 . 197 825 170 224 324 400 20 160 . 8 919 166 127 321 194 1667 Remotely 20 | . . . . . . . . . 20 . . . . . . . . . . . . . . Salvage Created 15392 | . 183 1168 1242 55 1698 1208 . 565 1573 . 212 675 763 185 400 . 61 2119 230 589 70 714 1682 Parts 692 | . 10 105 89 4 75 15 . 24 58 . 14 33 16 2 8 . 4 109 21 13 2 26 64 Haulers Intercepted 18 | . 2 3 3 . 2 . . 2 1 . . 2 1 . . . . 1 . . . . 1 Recyclers Shooed 12 | . . 3 . . 2 . . . 2 . . . 3 . . . . . . . . . 2 Parts Field Recycled . | . . . . . . . . . . . . . . . . . . . . . . . . Retrieved Matter . | . . . . . . . . . . . . . . . . . . . . . . . . Parts Self-Destructed 54 | . . . . . . 1 . . . . . . . 2 6 . 1 . 12 7 . 25 . Prevented . | . . . . . . . . . . . . . . . . . . . . . . . . Kills | -11 -10 -9 -9 -9 -7 -7 -7 -6 -6 -6 -6 -6 -5 -5 -5 -5 -4 -4 -4 -4 -4 -3 -3 ------- Run | Yrd Mat Mat Sto Rec Fac Low Low Fac Ext Cet Arc Hub Fac Upp Upp Zhi Pro Fac Upp Upp War Pro Res Combat Hostiles Destroyed 243 | . . 28 26 1 20 7 . 4 18 . 1 10 10 3 8 . 4 36 10 9 1 12 35 Melee 15 | . . . . . 1 . . 1 13 . . . . . . . . . . . . . . Guns 95 | . . 15 23 1 11 . . . . . 1 10 3 1 . . . 5 . 1 . 12 12 Cannons 24 | . . . . . . . . . . . . . 5 2 . . . 10 2 . . . 5 AOE 104 | . . 13 3 . 8 7 . 3 4 . . . 2 . 8 . 4 18 8 8 . . 18 Classes Destroyed 22 | . 3 7 . . 4 1 . . . . . 1 . . . . . 1 . . 1 1 3 Worker 21 | . . 4 2 . 6 . . 1 . . . 2 . . . . . 6 . . . . . Builder 19 | . . 3 4 . 3 . . 1 4 . . 2 . . . . . 1 . . . . 1 Tunneler 3 | . . . . . 1 . . . . . . . . . . . . 2 . . . . . Hauler 18 | . 2 3 3 . 2 . . 2 1 . . 2 1 . . . . 1 . . . . 1 Recycler 17 | . 1 2 1 . 5 . . 2 3 . . . 1 . . . . 1 . . . . 1 Mechanic 3 | . . 1 . . 1 . . . . . . . . . . . . 1 . . . . . Operator 9 | . 1 2 . . . . . . 2 . 4 . . . . . . . . . . . . Watcher 12 | . . 2 2 . 3 . . . 2 1 . . . . . . . 1 . . . . 1 Swarmer 68 | . . 12 7 . 3 3 . 3 . . . 4 . . 4 . 4 4 10 5 . 4 5 Grunt 117 | . . 12 15 . 9 4 . . 15 . . 2 8 3 4 . . 20 . 4 . 4 17 Brawler 1 | . . . . . . . . . . . . . . . . . . 1 . . . . . Duelist 5 | . . . . . 1 . . . 1 . . 1 1 . . . . 1 . . . . . Protector 1 | . . . . . . . . . . . . . . . . . . . . . 1 . . Sentry 18 | . . 4 4 1 2 . . . . . 1 1 1 . . . . 1 . . . 1 2 Demolisher 1 | . . . . . . . . . . . . . . . . . . . . . . . 1 Hunter 10 | . . . . . 4 . . . 2 . . 1 . . . . . 1 . . . . 2 Programmer 12 | . . . . . 1 . . 1 . . . . . . . . . 8 . . . 2 . Heavy 1 | . . . . . . . . . . . . 1 . . . . . . . . . . . Behemoth 1 | . . . . . . . . . . . . . . . . . . . . . . 1 . Striker 7 | . . . . . . . . . . . . . . . . . . . . . . . 7 Executioner 1 | . . . . . . . . . . . . . . . . . . . . . . . 1 Decomposer 2 | . . . . . . 1 . . . . . . . . . . 1 . . . . . . Packrat 1 | . . . . . . 1 . . . . . . . . . . . . . . . . . Samaritan 3 | . . . . . . 1 . . . . . . . . 1 . . . 1 . . . . Best Kill Streak 12 | . 3 9 12 1 8 4 . 3 4 1 2 6 3 2 4 . 4 10 5 9 1 4 10 Combat Bots Only 10 | . . 8 8 1 6 4 . 3 2 . 1 4 3 2 4 . 4 5 5 9 1 4 10 Max Kills in Single Turn 7 | . 1 7 2 1 3 2 . 2 3 1 1 2 2 1 4 . 2 6 4 4 1 1 3 Gunslinging 1 | . . 1 1 . . . . . . . . 1 . . . . . . . . . . . Exploded 6 | . . 6 2 . 2 2 . 2 2 . . . 2 . 4 . 2 4 4 4 . . 3 Melee 1 | . . . . . 1 . . 1 1 . . . . . . . . . . . . . . Uniques/NPCs Destroyed . | . . . . . . . . . . . . . . . . . . . . . . . . Combat | -11 -10 -9 -9 -9 -7 -7 -7 -6 -6 -6 -6 -6 -5 -5 -5 -5 -4 -4 -4 -4 -4 -3 -3 -------- Run | Yrd Mat Mat Sto Rec Fac Low Low Fac Ext Cet Arc Hub Fac Upp Upp Zhi Pro Fac Upp Upp War Pro Res Hostile Shots Fired 1926 | . 6 133 97 10 213 17 . 6 214 38 9 212 77 62 6 . 7 200 19 30 38 104 428 Missed 678 | . 1 38 29 4 83 4 . 2 69 13 4 95 21 25 3 . 3 70 8 12 17 32 145 Damage Taken 24685 | . 42 1224 773 87 1609 225 . 64 2733 670 142 952 990 396 104 . 81 2685 115 372 472 1773 9176 Core 3231 | . 6 207 183 . 235 70 . 16 471 104 28 67 51 42 12 . 12 114 14 42 21 228 1308 Absorbed by Shields 184 | . . . . . . . . . . 115 . . . . . . . . 48 21 . . . Redirected to Shielding 501 | . . 24 . . . . . . . . . . . . . . . 160 . . 81 80 156 Ignored by Resistances 1351 | . . . . . . . . . . . . 185 146 163 18 . . 489 56 42 6 34 212 Regen/Repaired (Parts) 609 | . . . 113 . 57 . . 21 . . . . 198 . . . . 106 . . 114 . . Core Remaining (%) 60 | 100 97 . . 2 . . 56 . . . . 19 . . . . 88 . . . . 63 . Volleys Fired 728 | . 21 123 76 5 66 14 . 2 8 2 16 34 46 10 13 . 17 91 10 11 8 41 114 Largest 3 | . 1 2 2 2 2 1 . 1 1 2 2 2 3 3 3 . 3 3 2 2 3 3 3 Hottest 314 | . 20 73 46 46 138 36 . 36 45 90 70 70 205 205 205 . 205 280 165 163 253 264 314 Shots Fired 1529 | . 21 231 140 10 119 14 . 2 8 4 30 68 133 30 31 . 47 217 16 20 19 122 247 Gun 1082 | . 21 221 137 10 111 . . . . 1 30 68 72 10 9 . 15 57 7 17 16 122 158 Cannon 344 | . . . . . . . . . . . . . 61 20 19 . 30 142 7 . 3 . 62 Launcher 103 | . . 10 3 . 8 14 . 2 8 3 . . . . 3 . 2 18 2 3 . . 27 Special . | . . . . . . . . . . . . . . . . . . . . . . . . Kinetic 600 | . 21 177 137 10 92 . . . . 1 30 68 30 . . . . . . . 4 . 30 Thermal 823 | . . 44 . . 19 . . . . . . . 103 30 28 . 45 196 14 17 15 122 190 Explosive 93 | . . 10 3 . 8 14 . 2 8 3 . . . . 3 . 2 9 2 3 . . 26 Electromagnetic 13 | . . . . . . . . . . . . . . . . . . 12 . . . . 1 Robot Hit Streak 15 | . 15 15 12 8 6 2 . 3 11 4 7 7 11 4 13 . 2 15 6 6 7 13 11 Robot Miss Streak 7 | . 2 4 6 2 3 2 . . 1 1 4 3 4 3 3 . 4 4 6 2 2 6 7 Penetration Max 1 | . . . . . 1 . . . . . 1 1 . . . . . . . . 1 . . Secondary Targets 15 | . . 2 6 . . . . . . . 1 1 . . . . . . . . . 5 . Max Gunslinging Chain 1 | . . 1 1 . . . . . . . 1 1 . . . . . . . . . 1 . Shots Hit Robots 982 | . 18 150 84 8 89 25 . 17 86 3 30 39 82 13 13 . 4 81 9 15 15 70 131 Core Hits 726 | . 8 62 51 2 70 20 . 12 64 26 10 26 28 6 37 . 6 116 14 29 4 29 106 Critical Kills 13 | . . 1 . . . . . . . . 1 6 . . . . . . . . . 1 4 Critical Parts Destroyed 20 | . . . 2 . 1 . . . 1 1 1 5 4 . . . . . . . . 4 1 Critical Strikes 56 | . . 1 2 . 3 . . 3 12 1 2 12 4 . . . . . . . 1 7 8 Burn 5 | . . . . . 2 . . . . . . . . . . . . . . . 1 . 2 Destroy 34 | . . 1 1 . 1 . . . . 1 2 12 4 . . . . . . . . 7 5 Blast 1 | . . . . . . . . . . . . . . . . . . . . . . . 1 Smash 2 | . . . 1 . . . . . 1 . . . . . . . . . . . . . . Sever 12 | . . . . . . . . 3 9 . . . . . . . . . . . . . . Impale 2 | . . . . . . . . . 2 . . . . . . . . . . . . . . Melee Attacks 214 | . . . 4 . 26 20 . 35 104 3 14 . . . . . . . . . . . 8 Impact 5 | . . . 4 . . . . . 1 . . . . . . . . . . . . . . Slashing 170 | . . . . . 26 20 . 31 83 . 6 . . . . . . . . . . . 4 Piercing 30 | . . . . . . . . 4 20 3 3 . . . . . . . . . . . . Sneak Attacks 49 | . . . 2 . 8 4 . 7 13 . 11 . . . . . . . . . . . 4 Combat Hostiles 1 | . . . . . . . . . 1 . . . . . . . . . . . . . . Follow-up Attacks 13 | . . . . . . . . 2 11 . . . . . . . . . . . . . . Damage Inflicted 45041 | . 143 2996 1589 126 3534 2040 . 1102 5551 582 1050 1603 2890 563 1166 . 351 6754 858 1057 429 2092 8565 Guns 14300 | . 143 1799 1245 126 1359 . . . . 20 602 1578 1315 143 124 . 19 842 83 274 354 2092 2182 Cannons 5471 | . . . . . . . . . . . . . 1265 420 273 . 30 1947 118 . 75 . 1343 Explosions 17704 | . . 1197 241 . 1340 753 . 197 1628 530 . . 305 . 769 . 302 3962 657 783 . . 5040 Melee 7533 | . . . 103 . 835 1287 . 905 3923 32 448 . . . . . . . . . . . . Ramming 33 | . . . . . . . . . . . . 25 5 . . . . 3 . . . . . Kinetic 7600 | . 143 1443 1245 126 1149 . . . . 20 602 1578 382 . . . . . . . 136 . 776 Thermal 13096 | . . 356 . . 297 . . . . . . . 2198 563 397 . 49 3627 201 274 293 2092 2749 Explosive 15684 | . . 1197 241 . 1096 753 . 197 1628 530 . . 305 . 769 . 302 2298 657 783 . . 4928 Electromagnetic 1095 | . . . . . 157 . . . . . . . . . . . . 826 . . . . 112 Impact 157 | . . . 103 . . . . . 54 . . . . . . . . . . . . . . Slashing 6522 | . . . . . 835 1287 . 864 3209 . 327 . . . . . . . . . . . . Piercing 854 | . . . . . . . . 41 660 32 121 . . . . . . . . . . . . Highest Corruption 17 | . . . 5 5 6 6 6 . . 4 4 1 . . . . . 13 13 13 17 3 6 Average Corruption 5 | . . . 5 5 4 6 6 . . 4 3 1 . . . . . 7 13 13 13 2 4 Corruption Purged 4 | . . . . . . . . . . . 4 . . . . . . . . . . . . Corruption Blocked . | . . . . . . . . . . . . . . . . . . . . . . . . Effects 200 | . . . 7 13 11 5 . . . 9 9 3 . . . . . 32 16 15 2 8 70 Message Errors 41 | . . . 2 1 2 1 . . . 3 1 2 . . . . . 8 1 1 . 3 16 Matter Fused 52 | . . . 1 6 3 1 . . . . 4 . . . . . . 10 3 3 2 1 18 Heat Flow Errors 30 | . . . 1 2 1 1 . . . 2 1 1 . . . . . 2 1 2 . 2 14 Energy Discharges 23 | . . . 1 3 . 2 . . . . . . . . . . . 3 3 3 . . 8 Parts Rejected 2 | . . . . . . . . . . . . . . . . . . 1 . . . . 1 Parts Fused 2 | . . . . . . . . . . . . . . . . . . 1 . . . . 1 Data Loss (minor) 24 | . . . 2 1 2 . . . . 3 1 . . . . . . 5 3 1 . 1 5 Data Loss (major) 12 | . . . . . 3 . . . . . . . . . . . . . 4 2 . . 3 Misfires 6 | . . . . . . . . . . 1 . . . . . . . 2 . 1 . . 2 Alerts 3 | . . . . . . . . . . . . . . . . . . . . 2 . . 1 Weapon Failures 5 | . . . . . . . . . . . 2 . . . . . . . 1 . . 1 1 Overload Shots . | . . . . . . . . . . . . . . . . . . . . . . . . Overflow Damage 2198 | . . 39 82 . 265 563 . . 466 18 106 . 37 . 23 . 25 231 55 17 . . 271 Projectiles 296 | . . . . . . . . . . . . . 37 . 23 . . 96 29 . . . 111 Explosions 510 | . . 39 1 . 24 65 . . . 18 . . . . . . 25 135 26 17 . . 160 Melee 1392 | . . . 81 . 241 498 . . 466 . 106 . . . . . . . . . . . . Knockbacks 5 | . . . 1 . . . . . . . . . . . . . . . . . . . 4 Impact 1 | . . . 1 . . . . . . . . . . . . . . . . . . . . Kinetic 4 | . . . . . . . . . . . . . . . . . . . . . . . 4 Secondary . | . . . . . . . . . . . . . . . . . . . . . . . . Self-Inflicted Damage 1004 | . . 71 27 . . 9 . . 78 . . . . . 64 . 27 233 52 111 . . 332 Shots 37 | . . 4 1 . . 1 . . 4 . . . . . 3 . 1 9 3 5 . . 6 Rammed . | . . . . . . . . . . . . . . . . . . . . . . . . Targets Rammed 6 | . . . . . . . . . . . . 3 2 . . . . 1 . . . . . Kicked 6 | . . . . . . . . . . . . 3 2 . . . . 1 . . . . . Crushed . | . . . . . . . . . . . . . . . . . . . . . . . . Highest Temperature 670 | . . 48 174 208 427 189 . . 332 254 201 83 434 414 342 . 284 257 97 274 105 520 670 Average Temperature 116 | . . 14 30 58 135 54 . . 186 105 29 22 153 206 141 . 92 65 65 137 52 184 158 Received Heat Transfer 5095 | . . 480 327 18 279 54 . . 1072 44 18 336 432 277 27 . . 339 . 57 54 263 1018 Effects 37 | . . . . . 2 . . . . . . . 8 . . . . . . . . 12 15 Shutdowns 10 | . . . . . . . . . . . . . 1 . . . . . . . . 3 6 Energy Bleed 8 | . . . . . . . . . . . . . 3 . . . . . . . . 1 4 Interference 6 | . . . . . 2 . . . . . . . 2 . . . . . . . . . 2 Matter Decay 3 | . . . . . . . . . . . . . 1 . . . . . . . . 2 . Short Circuit 1 | . . . . . . . . . . . . . . . . . . . . . . 1 . Damage (minor) 5 | . . . . . . . . . . . . . 1 . . . . . . . . 1 3 Damage (major) 3 | . . . . . . . . . . . . . . . . . . . . . . 3 . Damage (core) 1 | . . . . . . . . . . . . . . . . . . . . . . 1 . Siege Activations . | . . . . . . . . . . . . . . . . . . . . . . . . Robots Corrupted 6 | . . . 2 . . . . . 1 . . . . . . . . 3 . . . . . Combat Hostiles 4 | . . . . . . . . . 1 . . . . . . . . 3 . . . . . Parts Fried 14 | . . . 2 . 1 . . . 2 . . . . . . . . 9 . . . . . Impact Corruptions 4 | . . . 3 . . . . . 1 . . . . . . . . . . . . . . Robots Melted 1 | . . . . . . . . . . . . . . . . . . . . . 1 . . Combat Hostiles 1 | . . . . . . . . . . . . . . . . . . . . . 1 . . Parts Melted 25 | . . . . . 3 . . . . . . . 2 2 1 . . 2 . . 2 8 5 Heat Transferred 14490 | . . 800 . . 618 . . . . . . . 2260 435 398 . 87 2601 148 444 298 2775 3626 Parts Sabotaged . | . . . . . . . . . . . . . . . . . . . . . . . . Parts Stolen . | . . . . . . . . . . . . . . . . . . . . . . . . Parts Stripped . | . . . . . . . . . . . . . . . . . . . . . . . . Power Chain Reactions 3 | . . . . . 2 . . . . . . . . . . . . 1 . . . . . Alert | -11 -10 -9 -9 -9 -7 -7 -7 -6 -6 -6 -6 -6 -5 -5 -5 -5 -4 -4 -4 -4 -4 -3 -3 ------- Run | Yrd Mat Mat Sto Rec Fac Low Low Fac Ext Cet Arc Hub Fac Upp Upp Zhi Pro Fac Upp Upp War Pro Res Peak Influence 1950 | . 44 530 822 340 1063 . . 550 861 759 408 1950 1282 . . . . 1068 . . . . 588 Initial 1100 | . . 18 223 320 222 . . 361 179 434 223 142 1100 . . . . . . . . . . Average 460 | . 17 390 590 251 489 . . 418 501 637 377 1101 1192 . . . . 408 . . . . 103 Maximum Alert Level 5 | . . 2 3 1 3 . . 2 3 3 2 5 4 . . . . 3 . . . . 2 Low Security (%) 25 | 100 100 6 . 18 8 . . . 3 . . 11 . . . . . 27 . . . . 78 Level 1 28 | . . 39 11 81 47 . . 62 43 . 60 5 . . . . . 33 . . . . 15 Level 2 22 | . . 53 66 . 12 . . 37 33 61 39 4 . . . . . 16 . . . . 6 Level 3 13 | . . . 21 . 31 . . . 18 38 . 10 19 . . . . 22 . . . . . Level 4 8 | . . . . . . . . . . . . 49 80 . . . . . . . . . . Level 5 . | . . . . . . . . . . . . 1 . . . . . . . . . . . High Security . | . . . . . . . . . . . . 17 . . . . . . . . . . . Max Security . | . . . . . . . . . . . . . . . . . . . . . . . . Squads Dispatched 57 | . . 2 7 . 8 . . 3 5 . . 9 4 . . . . 10 . . . . 9 Investigation 15 | . . 1 3 . 2 . . 1 1 . . 1 . . . . . 2 . . . . 4 Extermination 6 | . . . . . 1 . . 1 . . . . 1 . . . . 3 . . . . . Reinforcement 27 | . . 1 2 . 3 . . 1 4 . . 4 3 . . . . 4 . . . . 5 Assault 2 | . . . . . 1 . . . . . . . . . . . . 1 . . . . . Garrison 7 | . . . 2 . 1 . . . . . . 4 . . . . . . . . . . . Intercept . | . . . . . . . . . . . . . . . . . . . . . . . . Searches Triggered . | . . . . . . . . . . . . . . . . . . . . . . . . Construction Impeded 12 | . . . 2 . 2 . . . 2 . . 2 1 . . . . 2 . . . . 1 Haulers Reinforced 6 | . . . . . 1 . . . . . . 1 1 . . . . 2 . . . . 1 Active Scanning Responses . | . . . . . . . . . . . . . . . . . . . . . . . . Cargo Convoy Interrupts . | . . . . . . . . . . . . . . . . . . . . . . . . Stealth | -11 -10 -9 -9 -9 -7 -7 -7 -6 -6 -6 -6 -6 -5 -5 -5 -5 -4 -4 -4 -4 -4 -3 -3 --------- Run | Yrd Mat Mat Sto Rec Fac Low Low Fac Ext Cet Arc Hub Fac Upp Upp Zhi Pro Fac Upp Upp War Pro Res Distress Signals 19 | . . 3 1 . 1 . . . 1 2 . 2 . . . . . 1 . . 1 . 7 Communications Jammed . | . . . . . . . . . . . . . . . . . . . . . . . . Distress Signals . | . . . . . . . . . . . . . . . . . . . . . . . . Times Spotted 431 | . 7 41 27 1 32 7 . 7 40 9 20 45 14 4 8 . 4 47 9 9 28 12 60 Peak Tracking Total 13 | . 3 7 5 1 7 4 . 4 5 5 1 13 4 4 4 . 4 7 5 9 8 4 11 Tactical Retreats 20 | . . . 1 . 1 . . 1 7 . . . . 1 . . . 2 . . 2 . 5 Traps | -11 -10 -9 -9 -9 -7 -7 -7 -6 -6 -6 -6 -6 -5 -5 -5 -5 -4 -4 -4 -4 -4 -3 -3 ------- Run | Yrd Mat Mat Sto Rec Fac Low Low Fac Ext Cet Arc Hub Fac Upp Upp Zhi Pro Fac Upp Upp War Pro Res Traps Triggered 10 | . . . 1 . 2 . . . 3 . . . . . . . . 1 . . . . 3 Indirectly . | . . . . . . . . . . . . . . . . . . . . . . . . Trap Hack Attempts . | . . . . . . . . . . . . . . . . . . . . . . . . Triggered . | . . . . . . . . . . . . . . . . . . . . . . . . Disarmed . | . . . . . . . . . . . . . . . . . . . . . . . . Reprogrammed . | . . . . . . . . . . . . . . . . . . . . . . . . Reused . | . . . . . . . . . . . . . . . . . . . . . . . . Traps Extracted . | . . . . . . . . . . . . . . . . . . . . . . . . Installed . | . . . . . . . . . . . . . . . . . . . . . . . . Triggered 10 | . . . . . . . . . . . . . . . . . . . . . 10 . . Machines | -11 -10 -9 -9 -9 -7 -7 -7 -6 -6 -6 -6 -6 -5 -5 -5 -5 -4 -4 -4 -4 -4 -3 -3 ---------- Run | Yrd Mat Mat Sto Rec Fac Low Low Fac Ext Cet Arc Hub Fac Upp Upp Zhi Pro Fac Upp Upp War Pro Res Machines Disabled 75 | . . 3 3 . 19 . . 1 3 1 3 16 7 . 1 . . 16 1 . . . 1 Max in Single Turn 8 | . . 1 1 . 8 . . 1 1 . 1 1 2 . 1 . . 8 1 . . . 1 Garrison Access 7 | . . . 1 . 2 . . . . . . 1 1 . . . . 1 . . . . 1 Energy Cycler 2 | . . . . . . . . . 2 . . . . . . . . . . . . . . Machines Repaired . | . . . . . . . . . . . . . . . . . . . . . . . . Machines Dismantled . | . . . . . . . . . . . . . . . . . . . . . . . . Machines Sabotaged . | . . . . . . . . . . . . . . . . . . . . . . . . Overloaded Fab Kills . | . . . . . . . . . . . . . . . . . . . . . . . . Hacking | -11 -10 -9 -9 -9 -7 -7 -7 -6 -6 -6 -6 -6 -5 -5 -5 -5 -4 -4 -4 -4 -4 -3 -3 --------- Run | Yrd Mat Mat Sto Rec Fac Low Low Fac Ext Cet Arc Hub Fac Upp Upp Zhi Pro Fac Upp Upp War Pro Res Machines Accessed 62 | . 1 2 4 5 9 . . 7 7 1 . 3 5 . 2 4 . 8 . . 2 . 2 Terminals 30 | . 1 1 2 3 4 . . 2 6 1 . 2 1 . 1 . . 5 . . . . 1 Fabricators 7 | . . . . . 3 . . 1 . . . . 2 . . . . 1 . . . . . Repair Stations 5 | . . . 1 . 1 . . 1 . . . . 1 . . . . 1 . . . . . Recycling Units 5 | . . 1 . 2 . . . 1 1 . . . . . . . . . . . . . . Scanalyzers 2 | . . . . . . . . 2 . . . . . . . . . . . . . . . Garrison Access 6 | . . . 1 . 1 . . . . . . 1 1 . . . . 1 . . . . 1 Total Hacks 174 | . 3 6 13 14 21 . . 16 13 4 . 8 16 . 3 17 . 29 . . 8 . 3 Successful 100 | . 2 1 7 10 13 . . 7 6 1 . 2 10 . 3 17 . 12 . . 8 . 1 Failed 74 | . 1 5 6 4 8 . . 9 7 3 . 6 6 . . . . 17 . . . . 2 Catastrophic 15 | . . . 2 . 1 . . 1 2 1 . 3 1 . . . . 3 . . . . 1 Database Lockouts . | . . . . . . . . . . . . . . . . . . . . . . . . Manual 51 | . 1 . 5 5 13 . . . 5 1 . 2 3 . . . . 14 . . . . 2 Terminals 86 | . 3 3 7 10 9 . . 4 12 4 . 5 3 . 2 . . 22 . . . . 2 Fabricators 19 | . . . . . 8 . . 2 . . . . 7 . . . . 2 . . . . . Repair Stations 20 | . . . 4 . 2 . . 5 . . . . 5 . . . . 4 . . . . . Recycling Units 10 | . . 3 . 4 . . . 2 1 . . . . . . . . . . . . . . Scanalyzers 3 | . . . . . . . . 3 . . . . . . . . . . . . . . . Garrison Access 10 | . . . 2 . 2 . . . . . . 3 1 . . . . 1 . . . . 1 Terminal Hacks 52 | . 1 1 3 4 3 . . 2 3 1 . . 1 . 3 17 . 5 . . 8 . . Record 17 | . . . . . . . . . 1 . . . . . 3 5 . . . . 8 . . Part Schematic 4 | . . . . . . . . . . . . . . . . 4 . . . . . . . Robot Schematic 1 | . . . . . . . . . . . . . . . . . . 1 . . . . . Robot Analysis 4 | . . . . . . . . . . . . . . . . 4 . . . . . . . Prototype ID Bank 7 | . 1 1 1 . . . . . . . . . . . . 4 . . . . . . . Open Door 4 | . . . . . . . . 1 2 1 . . . . . . . . . . . . . Level Access Points 1 | . . . . . . . . . . . . . . . . . . 1 . . . . . Branch Access Points 3 | . . . . . . . . 1 . . . . 1 . . . . 1 . . . . . Alert Level 6 | . . . 1 3 1 . . . . . . . . . . . . 1 . . . . . Unreport Threat 2 | . . . . 1 1 . . . . . . . . . . . . . . . . . . Maintenance Status 1 | . . . . . . . . . . . . . . . . . . 1 . . . . . Zone Layout 2 | . . . 1 . 1 . . . . . . . . . . . . . . . . . . Fabricator Hacks 6 | . . . . . 2 . . . . . . . 3 . . . . 1 . . . . . Network Status 3 | . . . . . 2 . . . . . . . 1 . . . . . . . . . . Build 3 | . . . . . . . . . . . . . 2 . . . . 1 . . . . . Repair Station Hacks 13 | . . . 2 . 2 . . 3 . . . . 4 . . . . 2 . . . . . Scan Component 7 | . . . 1 . 1 . . 2 . . . . 2 . . . . 1 . . . . . Repair 6 | . . . 1 . 1 . . 1 . . . . 2 . . . . 1 . . . . . Recycling Unit Hacks 4 | . . . . 2 . . . 2 . . . . . . . . . . . . . . . Report Inventory 3 | . . . . 2 . . . 1 . . . . . . . . . . . . . . . Retrieve Components 1 | . . . . . . . . 1 . . . . . . . . . . . . . . . Scanalyzer . | . . . . . . . . . . . . . . . . . . . . . . . . Garrison Access Hacks 6 | . . . 1 . 1 . . . . . . 1 1 . . . . 1 . . . . 1 Seal Access 6 | . . . 1 . 1 . . . . . . 1 1 . . . . 1 . . . . 1 Unauthorized Hacks 19 | . 1 . 1 4 5 . . . 3 . . 1 1 . . . . 3 . . . . . Terminals 15 | . 1 . 1 2 4 . . . 3 . . 1 . . . . . 3 . . . . . Assimilate 4 | . . . . . 2 . . . 1 . . . . . . . . 1 . . . . . Botnet 11 | . 1 . 1 2 2 . . . 2 . . 1 . . . . . 2 . . . . . Fabricators 2 | . . . . . 1 . . . . . . . 1 . . . . . . . . . . Fabnet 2 | . . . . . 1 . . . . . . . 1 . . . . . . . . . . Repair Stations . | . . . . . . . . . . . . . . . . . . . . . . . . Recycling Units 2 | . . . . 2 . . . . . . . . . . . . . . . . . . . Tunnel 2 | . . . . 2 . . . . . . . . . . . . . . . . . . . Scanalyzers . | . . . . . . . . . . . . . . . . . . . . . . . . Garrison Access . | . . . . . . . . . . . . . . . . . . . . . . . . Data Cores Recovered . | . . . . . . . . . . . . . . . . . . . . . . . . Used . | . . . . . . . . . . . . . . . . . . . . . . . . Hacking Detections 45 | . 1 2 4 3 7 . . 7 6 1 . 3 3 . . . . 7 . . . . 1 Full Trace Events 14 | . 1 2 2 2 2 . . 1 1 . . 1 . . . . . 2 . . . . . Feedback Events 1 | . . . . . . . . . . . . 1 . . . . . . . . . . . Corruption 1 | . . . . . . . . . . . . 1 . . . . . . . . . . . Feedback Blocked . | . . . . . . . . . . . . . . . . . . . . . . . . Robot Schematics Acquired 1 | . . . . . . . . . . . . . . . . . . 1 . . . . . Robots Built . | . . . . . . . . . . . . . . . . . . . . . . . . Authchips . | . . . . . . . . . . . . . . . . . . . . . . . . Time . | . . . . . . . . . . . . . . . . . . . . . . . . Total Robot Build Rating . | . . . . . . . . . . . . . . . . . . . . . . . . Part Schematics Acquired 4 | . . . . . . . . . . . . . . . . 4 . . . . . . . Parts Built 4 | . . . . . . . . . . . . . 2 . . . . 2 . . . . . Authchips . | . . . . . . . . . . . . . . . . . . . . . . . . Time 292 | . . . . . . . . . . . . . 250 . . . . 42 . . . . . Total Part Build Rating 34 | . . . . . . . . . . . . . 18 . . . . 16 . . . . . Parts Repaired 5 | . . . 1 . 1 . . 1 . . . . 1 . . . . 1 . . . . . Time 296 | . . . 51 . 60 . . 26 . . . . 143 . . . . 16 . . . . . Parts Recycled . | . . . . . . . . . . . . . . . . . . . . . . . . Recycled Matter . | . . . . . . . . . . . . . . . . . . . . . . . . Retrieved Matter . | . . . . . . . . . . . . . . . . . . . . . . . . Retrieved Components 3 | . . . . . . . . 3 . . . . . . . . . . . . . . . Parts Scanalyzed . | . . . . . . . . . . . . . . . . . . . . . . . . Part Schematics Acquired . | . . . . . . . . . . . . . . . . . . . . . . . . Parts Damaged . | . . . . . . . . . . . . . . . . . . . . . . . . Bothacking | -11 -10 -9 -9 -9 -7 -7 -7 -6 -6 -6 -6 -6 -5 -5 -5 -5 -4 -4 -4 -4 -4 -3 -3 ------------ Run | Yrd Mat Mat Sto Rec Fac Low Low Fac Ext Cet Arc Hub Fac Upp Upp Zhi Pro Fac Upp Upp War Pro Res Used RIF Installer . | . . . . . . . . . . . . . . . . . . . . . . . . Robots Hacked 12 | . . . . . . . . 1 1 . 5 . . . . . . 1 . . 1 . 3 Non-combat 2 | . . . . . . . . . . . 1 . . . . . . . . . . . 1 Combat 10 | . . . . . . . . 1 1 . 4 . . . . . . 1 . . 1 . 2 Robot Hacks Applied 8 | . . . . . . . . . . . 5 . . . . . . . . . . . 3 parse_system 7 | . . . . . . . . . . . 4 . . . . . . . . . . . 3 check_alert 1 | . . . . . . . . . . . 1 . . . . . . . . . . . . Relay Couplers Released 3 | . . . . . 3 . . . . . . . . . . . . . . . . . . Machine Destruction 3 | . . . . . 3 . . . . . . . . . . . . . . . . . . Fabnet Peak Effective % 3 | . . . . . . . . 3 3 3 3 3 1 1 1 1 3 3 3 3 3 1 1 Autooverrided 5 | . . . . . . . . 1 1 . 1 . . . . . . 1 . . 1 . . Robots Rewired 17 | . . . . . . . . . 17 . . . . . . . . . . . . . . Allies Hacked . | . . . . . . . . . . . . . . . . . . . . . . . . Hacks Repelled . | . . . . . . . . . . . . . . . . . . . . . . . . Allies | -11 -10 -9 -9 -9 -7 -7 -7 -6 -6 -6 -6 -6 -5 -5 -5 -5 -4 -4 -4 -4 -4 -3 -3 -------- Run | Yrd Mat Mat Sto Rec Fac Low Low Fac Ext Cet Arc Hub Fac Upp Upp Zhi Pro Fac Upp Upp War Pro Res Total Allies 40 | . . . . . 2 . . 1 25 5 1 3 . . . . . 2 . . 1 . . Largest Group 20 | . . . . . 2 2 2 3 18 20 19 20 . . . . . 1 . . 1 . . Highest-Rated Group 1061 | . . . . . 52 52 52 81 719 1061 1027 924 . . . . . 56 . . 69 . . Highest-Rated Ally 159 | . . . . . 26 26 26 29 159 159 159 96 . . . . . 56 . . 69 . . Total Orders 2 | . . . . . . . . . . . . . . . . . . . . . . . 2 EXPLORE 1 | . . . . . . . . . . . . . . . . . . . . . . . 1 RETURN 1 | . . . . . . . . . . . . . . . . . . . . . . . 1 Ally Attacks 459 | . . . . . . . . 4 163 68 27 191 . . . . . 2 . . 4 . . Total Damage 9765 | . . . . . . . . 36 2735 1378 720 4709 . . . . . 57 . . 130 . . Kills 69 | . . . . . . . . . 19 11 2 37 . . . . . . . . . . . Allies Corrupted 1 | . . . . . . . . . . . . 1 . . . . . . . . . . . Allies Melted 1 | . . . . . . . . . . . . . . . . . . . . . 1 . . Intel | -11 -10 -9 -9 -9 -7 -7 -7 -6 -6 -6 -6 -6 -5 -5 -5 -5 -4 -4 -4 -4 -4 -3 -3 ------- Run | Yrd Mat Mat Sto Rec Fac Low Low Fac Ext Cet Arc Hub Fac Upp Upp Zhi Pro Fac Upp Upp War Pro Res Robot Analysis Total 4 | . . . . . . . . . . . . . . . . 4 . . . . . . . Derelict Logs Recovered 5 | . . . . . . 1 . . . . . . . 1 1 . 1 . . 1 . . . Drone Launches 4 | . . . . . . . . . . . . . . . . . . . . . . . 4 Drone Recoveries 4 | . . . . . . . . . . . . . . . . . . . . . . . 4 Exploration | -11 -10 -9 -9 -9 -7 -7 -7 -6 -6 -6 -6 -6 -5 -5 -5 -5 -4 -4 -4 -4 -4 -3 -3 ------------- Run | Yrd Mat Mat Sto Rec Fac Low Low Fac Ext Cet Arc Hub Fac Upp Upp Zhi Pro Fac Upp Upp War Pro Res Turns Passed 18251 | 93 226 1164 784 441 1333 225 26 453 1788 627 306 530 1113 438 573 227 505 1828 436 377 1012 871 2875 Spaces Moved 11825 | 55 113 408 239 164 932 343 39 627 1214 343 170 331 560 330 429 177 321 1119 324 266 753 606 1962 Core 64 | 4 . . . . . . . . 6 . . . . . . . . . . . . . 54 Treads 227 | 51 113 63 . . . . . . . . . . . . . . . . . . . . . Legs 9123 | . . 328 239 164 541 . . . 470 208 170 331 560 330 429 177 321 1119 324 266 753 606 1787 Wheels 707 | . . 17 . . . . . . 555 135 . . . . . . . . . . . . . Hover 1651 | . . . . . 391 343 39 627 183 . . . . . . . . . . . . . 68 Flight 53 | . . . . . . . . . . . . . . . . . . . . . . . 53 Fastest Speed 28 | 50 160 110 190 260 38 38 38 33 43 100 120 120 120 120 120 120 120 120 120 120 116 115 28 Average Speed 114 | 152 160 183 204 260 92 38 38 42 100 113 120 121 120 120 120 120 120 120 120 120 118 116 117 Slowest Speed 310 | 160 160 240 260 260 310 98 38 43 120 120 120 122 122 120 120 120 120 120 120 120 120 186 190 Overloaded Moves . | . . . . . . . . . . . . . . . . . . . . . . . . Propulsion Burnouts . | . . . . . . . . . . . . . . . . . . . . . . . . Robots Hopped . | . . . . . . . . . . . . . . . . . . . . . . . . Cave-ins Triggered 3 | . . . . . . . . . . . . . . . . . . 1 . . . . 2 Exploration Rate (%) 47 | 5 37 38 51 32 28 45 12 16 75 79 81 44 15 56 68 60 58 29 56 52 76 61 64 Regions Visited 23 Branch Regions 16 Pre-discovered Areas 8 | . . . . 2 . 1 . . . . . . . . . 3 1 . . 1 . . . Known Exits Taken 14 | . . . . . 1 1 1 1 1 1 1 . 1 1 1 1 1 1 . . . 1 . Unknown Exits Taken 9 | 1 1 1 1 1 . . . . . . . 1 . . . . . . 1 1 1 . . Scrap Searched 13 | . . . . . . 1 . . . . . . . 2 3 . . . 3 1 . 3 . Spaces Dug 161 | . . . . . 8 1 . 15 1 . . . 3 3 26 . 12 79 . . . . 13 Terrain Destroyed 1406 | . . 53 33 . 111 81 . 23 95 94 9 17 105 10 71 . 78 253 54 101 2 . 216 Melee 29 | . . . . . 8 1 . 15 1 . . . . . . . . . . . . . 4 Projectile 246 | . . . . . . . . . . . 9 16 38 10 11 . 40 86 3 1 2 . 30 AOE 1130 | . . 53 33 . 103 80 . 8 94 94 . . 67 . 60 . 38 167 51 100 . . 182 Terrain Rammed . | . . . . . . . . . . . . . . . . . . . . . . . . Walls Destroyed . | . . . . . . . . . . . . . . . . . . . . . . . . Machines Disabled . | . . . . . . . . . . . . . . . . . . . . . . . . Actions | -11 -10 -9 -9 -9 -7 -7 -7 -6 -6 -6 -6 -6 -5 -5 -5 -5 -4 -4 -4 -4 -4 -3 -3 --------- Run | Yrd Mat Mat Sto Rec Fac Low Low Fac Ext Cet Arc Hub Fac Upp Upp Zhi Pro Fac Upp Upp War Pro Res Total 14817 | 62 143 600 389 169 1245 385 49 761 1627 569 230 395 890 345 454 190 399 1401 351 302 861 678 2322 Wait 1026 | . . 3 34 . 94 5 11 64 103 200 6 2 242 2 1 . 60 96 . 10 37 16 40 Move 11801 | 54 112 407 238 163 931 342 38 626 1213 342 169 330 559 329 428 176 320 1118 323 265 752 605 1961 Hop . | . . . . . . . . . . . . . . . . . . . . . . . . Pick Up 159 | 3 2 21 6 . 25 . . 6 18 5 5 6 8 . . 2 . 16 3 2 10 2 19 Fast Attach 164 | 5 2 6 5 . 12 . . 5 22 3 3 2 5 . . 4 . 13 3 4 11 6 53 Attach 114 | . 2 5 4 . 14 2 . 4 13 4 1 1 9 . . 2 . 15 5 4 4 1 24 Detach 78 | . 3 4 4 . 12 2 . 3 6 3 4 1 3 . . 1 . 7 3 2 4 1 15 Swap 196 | . . 15 10 1 30 . . 9 16 6 6 5 9 4 9 2 2 26 1 . 12 2 31 Drop 227 | . 1 16 8 . 36 . . 12 18 1 6 11 7 . 1 3 . 18 2 3 23 4 57 Fire 728 | . 21 123 76 5 66 14 . 2 8 2 16 34 46 10 13 . 17 91 10 11 8 41 114 Melee 193 | . . . 4 . 25 20 . 30 89 3 14 . . . . . . . . . . . 8 Ram . | . . . . . . . . . . . . . . . . . . . . . . . . Kick 6 | . . . . . . . . . . . . 3 2 . . . . 1 . . . . . Crush . | . . . . . . . . . . . . . . . . . . . . . . . . Escape Stasis 11 | . . . . . . . . . 11 . . . . . . . . . . . . . . Rewire 114 | . . . . . . . . . 110 . . . . . 2 . . . 1 1 . . . Trap . | . . . . . . . . . . . . . . . . . . . . . . . . Miscellaneous . | . . . . . . . . . . . . . . . . . . . . . . . . Route ------- -11/Scrapyard -10/Materials (discovered 2 exits: *Mat / [*Min]) -9/Materials (discovered 3 exits: [*Mat] / [*Min] / *Sto) -9/Storage -9/Recycling -7/Factory (discovered 2 exits: *Fac / *Low) -7/Lower Caves -7/Lower Caves -6/Factory (discovered 4 exits: Low x2 / *Ext x2) -6/Extension (discovered 2 exits: *Fac / *Cet) -6/Cetus (discovered 2 exits: *Fac / *Arc) -6/Archives (discovered 3 exits: *Fac / *Hub x2) -6/Hub_04(d) (discovered 2 exits: *Fac x2) -5/Factory (discovered 2 exits: *Upp x2) -5/Upper Caves -5/Upper Caves -5/Zhirov -4/Proximity Caves -4/Factory (discovered 6 exits: *Res x4 / *Upp x2) -4/Upper Caves -4/Upper Caves (discovered 2 exits: *Res / *War) -4/Warlord -3/Proximity Caves -3/Research (discovered 3 exits: [*Arm] / [*Tes x2]) History --------- Turn | Location | Event 27 | -11/Scrapyard | Discovered new exit (range 16) 94 | -11/Scrapyard | Entered Materials 166 | -10/Materials | Discovered new exit (range 7) 288 | -10/Materials | Discovered new exit (range 10) 315 | -10/Materials | Build established: Mutant 320 | -10/Materials | Entered another Materials area 320 | -9/Materials | Evolved 2 slots: Utility x2 415 | -9/Materials | Discovered new exit (range 13) 421 | -9/Materials | Destroyed 8 combat bots 730 | -9/Materials | Discovered new exit (range 7) 865 | -9/Materials | Discovered new exit (range 11) 1319 | -9/Materials | Core integrity fell below 50% 1484 | -9/Materials | Entered Storage 1621 | -9/Storage | Destroyed 8 combat bots 1639 | -9/Storage | Garrison activated, responded to threat 1779 | -9/Storage | Repaired Imp. Assault Rifle 1890 | -9/Storage | Build established: Scavenger-Mutant 1939 | -9/Storage | Core integrity fell below 20% 1978 | -9/Storage | Lost 3 parts (1p1u1w) 2261 | -9/Storage | Used back door to open Recycling access 2261 | -9/Storage | Discovered new exit (range 4) 2268 | -9/Storage | Entered Recycling 2269 | -9/Recycling | Met a Zionite searching for Scraptown 2698 | -9/Recycling | Discovered new exit (range 5) 2709 | -9/Recycling | Entered Factory 2709 | -7/Factory | Evolved 4 slots: Propulsion x2, Utility x2 3267 | -7/Factory | Lost 3 parts (1p2u) 3372 | -7/Factory | Discovered new exit (range 11) 3586 | -7/Factory | Garrison activated, responded to threat 3875 | -7/Factory | Found Prototype Launcher 3875 | -7/Factory | Identified Rocket Array 3878 | -7/Factory | Found Rocket Array 3879 | -7/Factory | Found Rocket Array 3882 | -7/Factory | Found Rocket Array 3966 | -7/Factory | Repaired Aerolev Unit 4028 | -7/Factory | Discovered new exit (range 16) 4033 | -7/Factory | Identified exit to Lower Caves 4042 | -7/Factory | Entered Lower Caves 4042 | -7/Lower Caves | Accompanied by 2 allies 4171 | -7/Lower Caves | Learned location of Zion (-7) 4201 | -7/Lower Caves | Discovered new exit (range 7) 4262 | -7/Lower Caves | Build established: Scavenger-Scout 4263 | -7/Lower Caves | Identified exit to Lower Caves 4267 | -7/Lower Caves | Entered another Lower Caves area 4267 | -7/Lower Caves | Accompanied by 2 allies 4279 | -7/Lower Caves | Discovered new exit (range 6) 4289 | -7/Lower Caves | Identified exit to Factory 4293 | -7/Lower Caves | Entered Factory 4293 | -6/Factory | Accompanied by 2 allies 4293 | -6/Factory | Evolved 2 slots: Propulsion x2 4381 | -6/Factory | Identified exit to Lower Caves 4381 | -6/Factory | Identified exit to Extension 4415 | -6/Factory | Repaired Broken Imp. Sensor Array 4660 | -6/Factory | Found Prototype Processor 4660 | -6/Factory | Identified Exp. Targeting Computer 4746 | -6/Factory | Entered Extension 4889 | -6/Extension | Lost 3 parts (3n) 5296 | -6/Extension | Disrupted transfer network 5302 | -6/Extension | Spotted B-75 Beast 5352 | -6/Extension | Build established: Scavenger-Mutant 5479 | -6/Extension | Rescued a captive Derelict 5738 | -6/Extension | Spotted B-75 Beast 5761 | -6/Extension | Core integrity fell below 50% 5763 | -6/Extension | Allies destroyed B-75 Beast 5792 | -6/Extension | Lost 11 parts (7n2u2w) 5802 | -6/Extension | Lost 3 allies 5876 | -6/Extension | Energy Cycler disabled 5876 | -6/Extension | Rescued a captive Derelict 5877 | -6/Extension | Rescued a captive Derelict 5877 | -6/Extension | Rescued a captive Derelict 5877 | -6/Extension | Rescued a captive Derelict 5879 | -6/Extension | Rescued a captive Derelict 5880 | -6/Extension | Rescued a captive Derelict 6085 | -6/Extension | Rescued A7 6118 | -6/Extension | Build established: Scavenger-Gladiator 6255 | -6/Extension | Discovered new exit (range 10) 6256 | -6/Extension | Discovered new exit (range 6) 6341 | -6/Extension | Identified exit to Cetus 6534 | -6/Extension | Entered Cetus 6534 | -6/Cetus | Accompanied by 17 allies (A7) 6539 | -6/Cetus | Acquired a Cetus Manufacturing Module code from A7 6553 | -6/Cetus | Spotted Cetus Guard 6553 | -6/Cetus | Spotted Cetus Guard 6554 | -6/Cetus | Spotted Cetus Guard 6558 | -6/Cetus | Allies destroyed Cetus Guard 6560 | -6/Cetus | Spotted Cetus Guard 6571 | -6/Cetus | Allies destroyed Cetus Guard 6574 | -6/Cetus | Allies destroyed Cetus Guard 6581 | -6/Cetus | Allies destroyed Cetus Guard 6600 | -6/Cetus | Lost 3 parts (1p1n1w) 6612 | -6/Cetus | Build established: Commander-Mutant 6641 | -6/Cetus | Escorted A7 to Cetus Mainframe 6660 | -6/Cetus | Discovered new exit (range 16) 6682 | -6/Cetus | Spotted Cetus Guard 6682 | -6/Cetus | Spotted Cetus Guard 6685 | -6/Cetus | Spotted Cetus Guard 6686 | -6/Cetus | Spotted Cetus Guard 6688 | -6/Cetus | Discovered new exit (range 16) 6689 | -6/Cetus | Allies destroyed Cetus Guard 6695 | -6/Cetus | Allies destroyed Cetus Guard 6695 | -6/Cetus | Allies destroyed Cetus Guard 6701 | -6/Cetus | Allies destroyed Cetus Guard 6702 | -6/Cetus | Met Revision 17 6883 | -6/Cetus | Started Cetus Manufacturing Module 6908 | -6/Cetus | Manufactured an Enhanced Grunt 6933 | -6/Cetus | Manufactured an Enhanced Grunt 6958 | -6/Cetus | Manufactured an Enhanced Grunt 6983 | -6/Cetus | Manufactured an Enhanced Grunt 7008 | -6/Cetus | Manufactured an Enhanced Grunt 7091 | -6/Cetus | Identified exit to Archives 7161 | -6/Cetus | Entered Archives 7161 | -6/Archives | Accompanied by 20 allies (A7) 7166 | -6/Archives | Received a hacking code to weaken MAIN.C 7216 | -6/Archives | Lost 3 allies 7225 | -6/Archives | Discovered new exit (range 15) 7359 | -6/Archives | Discovered new exit (range 15) 7393 | -6/Archives | Discovered new exit (range 14) 7449 | -6/Archives | Identified exit to Hub_04(d) 7467 | -6/Archives | Entered Hub_04(d) 7467 | -6/Hub_04(d) | Accompanied by 17 allies 7525 | -6/Hub_04(d) | Garrison activated, responded to threat 7536 | -6/Hub_04(d) | Allied Derelicts emerged from ambush trap array 7590 | -6/Hub_04(d) | Found Exp. Thermal Shield 7620 | -6/Hub_04(d) | Lost 6 allies 7863 | -6/Hub_04(d) | Garrison activated, responded to threat 7905 | -6/Hub_04(d) | High security lockdown imminent 7937 | -6/Hub_04(d) | Lost 4 allies 7953 | -6/Hub_04(d) | Discovered new exit (range 16) 7955 | -6/Hub_04(d) | Build established: Scavenger-Mutant 7985 | -6/Hub_04(d) | High security lockdown engaged 7992 | -6/Hub_04(d) | Discovered new exit (range 10) 7995 | -6/Hub_04(d) | Core integrity fell below 20% 7997 | -6/Hub_04(d) | Entered Factory 7997 | -5/Factory | Evolved 2 slots: Utility x1, Weapon x1 8389 | -5/Factory | Fabricated Centrium Leg (x1) 8469 | -5/Factory | Repaired Imp. Medium Armor Plating 8733 | -5/Factory | Fabricated Com. Linear Accelerator (x1) 8798 | -5/Factory | Build established: Scavenger-Tank 8946 | -5/Factory | Identified exit to Upper Caves 9110 | -5/Factory | Entered Upper Caves 9185 | -5/Upper Caves | Spotted B-75 Beast 9315 | -5/Upper Caves | Learned Factory stockpile data 9533 | -5/Upper Caves | Discovered new exit (range 8) 9544 | -5/Upper Caves | Identified exit to Upper Caves 9548 | -5/Upper Caves | Entered another Upper Caves area 9630 | -5/Upper Caves | Learned Factory terminal intel 10112 | -5/Upper Caves | Discovered new exit (range 5) 10120 | -5/Upper Caves | Identified exit to Zhirov 10121 | -5/Upper Caves | Entered Zhirov 10121 | -5/Zhirov | Discovered new exit (range 3) 10143 | -5/Zhirov | Met Zhirov 10166 | -5/Zhirov | Learned location of Quarantine (-2) 10166 | -5/Zhirov | Learned location of Testing (-3) 10166 | -5/Zhirov | Learned location of Command (-1) 10178 | -5/Zhirov | Zhirov requested help retrieving the SGEMP Prototype 10217 | -5/Zhirov | Found Alien Artifact 10217 | -5/Zhirov | Identified Integrated Dissipator 10217 | -5/Zhirov | Installed Integrated Dissipator, increased core heat dissipation (+20) 10233 | -5/Zhirov | Found Alien Artifact 10346 | -5/Zhirov | Identified exit to Proximity Caves 10348 | -5/Zhirov | Entered Proximity Caves 10558 | -4/Proximity Caves | Build established: Hacker-Skirmisher 10830 | -4/Proximity Caves | Discovered new exit (range 7) 10834 | -4/Proximity Caves | Identified exit to Factory 10853 | -4/Proximity Caves | Entered Factory 10853 | -4/Factory | Evolved 2 slots: Utility x2 10855 | -4/Factory | Loaded intel: 26 terminal locations 11118 | -4/Factory | Identified exit to Research 11264 | -4/Factory | Build established: Hacker-Tank 11351 | -4/Factory | Fabricated Particle Reactor (x2) 11787 | -4/Factory | Crushed by falling debris 11931 | -4/Factory | Repaired Flexi-carbon Leg 12255 | -4/Factory | Identified exit to Upper Caves 12265 | -4/Factory | System corruption reached 10% 12602 | -4/Factory | Spotted B-86 Titan 12603 | -4/Factory | First assault squad dispatched 12681 | -4/Factory | Entered Upper Caves 12700 | -4/Upper Caves | Lost 5 parts (3u2w) 13081 | -4/Upper Caves | Discovered new exit (range 10) 13107 | -4/Upper Caves | Build established: Hacker-Mutant 13117 | -4/Upper Caves | Entered another Upper Caves area 13123 | -4/Upper Caves | Discovered exit to Research (range 12) 13156 | -4/Upper Caves | Destroyed 9 combat bots 13157 | -4/Upper Caves | Lost 5 parts (1p1n3u) 13412 | -4/Upper Caves | Encountered a Warlord checkpoint 13470 | -4/Upper Caves | Discovered new exit (range 14) 13494 | -4/Upper Caves | Entered Warlord 13535 | -4/Warlord | System corruption cleaned by Quarantine Array 13553 | -4/Warlord | System corruption cleaned by Quarantine Array 13685 | -4/Warlord | Met Warlord 13710 | -4/Warlord | Warlord's base attacked by MAIN.C 13867 | -4/Warlord | Build established: Hacker-Tank 14060 | -4/Warlord | Warlord forces counterattacked 14173 | -4/Warlord | Spotted Executioner 14173 | -4/Warlord | Spotted Executioner 14240 | -4/Warlord | Lost 20 allies 14344 | -4/Warlord | Lost 10 allies 14385 | -4/Warlord | Warlord base infiltrated, sounded retreat 14400 | -4/Warlord | Spotted Striker 14425 | -4/Warlord | Found Prototype Ballistic Cannon 14425 | -4/Warlord | Identified Hvy. Autocannon 14472 | -4/Warlord | Lost 6 allies 14492 | -4/Warlord | Discovered new exit (range 14) 14506 | -4/Warlord | Entered Proximity Caves 14576 | -3/Proximity Caves | Build established: Scavenger-Tank 14616 | -3/Proximity Caves | Spotted B-86 Titan 14637 | -3/Proximity Caves | Destroyed B-86 Titan 14964 | -3/Proximity Caves | Attracted the attention of an 0b10 checkpoint 15359 | -3/Proximity Caves | Discovered exit to Research (range 2) 15377 | -3/Proximity Caves | Entered Research 15377 | -3/Research | Evolved 2 slots: Power x1, Utility x1 15577 | -3/Research | Revision forces began assault on 0b10 15643 | -3/Research | Lost 3 parts (1n2u) 15657 | -3/Research | Met up with Revision 17++ 15659 | -3/Research | Destroyed 9 combat bots 16077 | -3/Research | Research terminal network offline 16322 | -3/Research | Found Fusion Bomb Launcher 16497 | -3/Research | Found Prototype Launcher 16497 | -3/Research | Identified Adv. Micro-nuke Launcher 16629 | -3/Research | Discovered new exit (range 5) 16815 | -3/Research | Discovered new exit (range 6) 16894 | -3/Research | Found Prototype Processor 16894 | -3/Research | Identified Exp. Core Analyzer 16933 | -3/Research | Crushed by falling debris 16945 | -3/Research | Found Prototype Protection 16945 | -3/Research | Identified Centrium Heavy Armor Plating 17016 | -3/Research | Discovered new exit (range 9) 17249 | -3/Research | Spotted Striker 17249 | -3/Research | Spotted Executioner 17350 | -3/Research | Spotted Striker 17392 | -3/Research | Lost 4 allies 17459 | -3/Research | Found Prototype Device 17459 | -3/Research | Identified Exp. Focal Shield 17678 | -3/Research | Spotted Striker 17690 | -3/Research | Spotted Striker 17693 | -3/Research | Spotted Striker 17694 | -3/Research | Spotted Executioner 17701 | -3/Research | Spotted Striker 17718 | -3/Research | Destroyed Striker 17735 | -3/Research | Spotted Striker 17751 | -3/Research | Destroyed Striker 17751 | -3/Research | Destroyed Striker 17776 | -3/Research | Destroyed Executioner 17790 | -3/Research | Spotted Striker 17797 | -3/Research | Destroyed 7 combat bots 17809 | -3/Research | Core integrity fell below 50% 17817 | -3/Research | Destroyed Striker 17834 | -3/Research | Spotted Striker 17835 | -3/Research | Spotted Striker 17856 | -3/Research | Destroyed Striker 17858 | -3/Research | Destroyed Striker 17874 | -3/Research | Lost 13 parts (1p7n3u2w) 18049 | -3/Research | Spotted Executioner 18063 | -3/Research | Destroyed Striker 18095 | -3/Research | Destroyed 10 combat bots 18096 | -3/Research | Core integrity fell below 20% 18141 | -3/Research | Lost 14 parts (2p3n6u3w) 18158 | -3/Research | Found Prototype Device 18158 | -3/Research | Identified Adv. EM Disruption Field 18252 | -3/Research | Crushed by falling debris 18252 | -3/Research | Smashed by cave-in Last Messages --------------- 18213_ Acquired 32 matter. 18225_ Acquired Great Axe. 18230_ Critical hit (Burn: +50). 18231_ System corrupted: Heat flow error (+242). 18233_ Triggered Segregator Trap. 18233_ Arcs of energy rise from the floor. 18233_ Cmb. Antigrav System blown off. 18233_ Reflective Plating blown off. 18233_ Acquired Cmb. Antigrav System. 18236_ Acquired Reflective Plating. 18252_ The unstable cave ceiling collapses. 18252_ Crushed by falling debris. 18252_ Imp. System Shield destroyed. 18252_ System corrupted by crushing effect (+2). 18252_ Lgt. Particle Reactor destroyed. 18252_ System corrupted by crushing effect (+5). 18252_ Xenon Bombardment Thruster destroyed. 18252_ System corrupted by crushing effect (+3). 18252_ Xenon Bombardment Thruster destroyed. 18252_ System corrupted by crushing effect (+5). Map ----- +----------------------------------------------------+ | "!!! ### #?#%=%# # # !#???? | | #" * # ## ##+#+### # ######## #???# | | * =%% # #???? | | # ## ## " /! #?#?? | | """ ##### ?# %#=%! #???? | | """ #???# ?#""" !#! /*#???? | | # #### # """ #???? ??""" ?#%=% #???? | | % # #???? ??""" ?#![= #???? | | # # #??#?????! ??# #???? | | # #???????! ??# #???? | | # ###########???????######???# #???# | | # ## #????#?????????????#???# #???? | | ! # #?????#????????????????# #???? | | ! # #??????????????????#???# #???? | | !! ! ##########?????????????????# #???? | | ###"##### # #????????????#???## #???? | | # #????????????????#" #???? | | ! # #?#??????????????## /???? | | ! # #?????????????????# #???? | | + #????????????????## %!#?? | | ### ##### # #????????????????#" =*%#?? ? | | ??# #???# # #?????????????#?### %!#???# | | ?##+##### # #?????????????????# %#???? | | ?# # # ##???????#?????#??# %#???? | | ?# # #########"####?????????????# #???? | | ?# # #???????## #@#?????????????# # ??? | | ?# # #????????## ##?????????????# %#??"" | | # "" # #?????????###??????????????#% %#? "" | | ?# "" # #??#???????????????????????# #? ? | | ?# "" # ##?????????????????????????# #?? ? | | ?# "Y # ##???????????#????????""" # ##### | | ?# "" # #?????????#?????????? """ " | | ?# "" # #?????????????????????""" # | | ?# "" + #??#???????????????? # | | ?# #% #?##??????????????? ?# | | ?# # #??#######????????#""" #?######## | | ?#/###### #? #?????????"""S""?????? ??#% | | # % #?] #?????????""""""?????????# | | + ] # #???????????????????? ? ?+ | | #% # #??????????????????""? ??# | | ?#* !!! + #?????????????????????? ?# | | ?## ! # #????????????????????????# | | ?#" # #?????????????????????? ?# | | ### #? #????????????????????? ?# | | #? #?????????????????????? # | | #??#######??????????????????#???###! | | #?????????????????????????????? ??#*= | | ##?????#??????????????????????????#= | | #########"####?????????????????????????????? ? # | | ??????? ???????????????????????????????? ? # | +----------------------------------------------------+ Best States ------------- Heat Dissipation 97 Coolant Potential 80 Energy Generation 47 Energy Capacity 590 Matter Stores 300 Matter Capacity 300 Sight Range 23 Robot Scan Range 19 Terrain Scan Range 14 Terrain Scan Density 210 EM Shielding 4 Armor Coverage 1200 Resistance: KI 30 Resistance: TH 30 Power Shielding 33 Weapon Shielding 90 Melee Speed Boost 20 Phase Shifting 15 Evasion (%) 70 Melee Accuracy 8 Launcher Accuracy 20 Target Analysis 5 Core Analysis 8 Recoil Reduction 2 Particle Charging 20 Offensive Hacking 24 Defensive Hacking 20 Authchip Count 1 Item Schematics ----------------- Assault Drone Bay | -5/Zhirov | Free Exp. Heat Sink | -5/Zhirov | Free Exp. Optical Array | -5/Zhirov | Free Imp. Arc Thrower | -5/Zhirov | Free Robot Schematics ------------------ T-07 Excavator | -4/Factory | Hacked Fabricated ------------ Centrium Leg | x1 | -5/Factory | Preloaded Com. Linear Accelerator | x1 | -5/Factory | Preloaded Particle Reactor | x2 | -4/Factory | Preloaded Alien Tech Used ----------------- Integrated Dissipator Achievements -------------- None Challenges ------------ None Game ------ Seed ReactionConcussiveCanceller Manual? 0 Play Time 02:30:51 Cumulative 161.9 hours Start 2025.01.09 @ 02:27:27 End 2025.01.12 @ 00:45:17 Sessions 3 Manual Loads 0 Difficulty Rogue Special Mode None Game No. 177 Rogue 177 Adventurer 0 Explorer 0 Win Type - Total 3 Types 2/0/1/0/0/0/0/0/0 Lore% 63 Gallery% 71 Achievement% 54 Wizard Run 0 Options --------- Layout 0 ASCII 0 Keyboard 1 Movement Numpad Keybinds 0 Fullscreen 2 Font 18/SmallcapsGlow Map View 76x50 Zoom Use 0% Tactical HUD 1 Map Filters NONE Filters NONE Steam 1 RUN: 963993c3-9b4c-4ae6-be9c-241dc205a81d